 Dungeon Crawl Stone Soup version 0.16-a0-1816-g2c93a98 (webtiles) character file.

379 timbw the Ducker (level 6, 2/55 HPs)
             Began as a Troll Hunter on Nov 3, 2014.
             Quit the game on level 7 of the Dungeon.
             The game lasted 00:03:52 (654 turns).

timbw the Ducker (Troll Hunter)                      Turns: 654, Time: 00:03:52

Health: 2/55       AC:  5    Str: 23    XL:     6   Next: 45%
Magic:  3/3        EV: 12    Int:  5    God:
Gold:   139        SH:  0    Dex: 12    Spells: 0 memorised, 5 levels left

rFire  . . .     SeeInvis .     (no weapon)
rCold  . . .     Clarity  .     d - +0 animal skin
rNeg   . . .     SustAb   .     (shield restricted)
rPois  .         Gourm    +     (helmet restricted)
rElec  .         Spirit   .     (no cloak)
rCorr  .         Warding  .     (gloves unavailable)
rMut   .         Stasis   .     (boots unavailable)
MR     .....                    (no amulet)
Stlth  ++........               (no ring)
                                e - cursed ring of Arrival {Str+2 Int-2 Stlth+}

@: not resistant to hostile enchantments, unstealthy
A: unfitting armour, claws 3, fast metabolism 3, gourmand, regeneration 2,
shaggy fur 1, tough skin 2
a: no special abilities


You were on level 7 of the Dungeon.
You were very hungry.

You visited 1 branch of the dungeon, and saw 7 of its levels.

You collected 139 gold pieces.

Inventory:

Hand weapons
 h - a +0 flail
Missiles
 g - 3 large rocks (quivered)
Armour
 d - a +0 animal skin (worn)
Jewellery
 e - the cursed ring of Arrival (left claw) {Str+2 Int-2 Stlth+}
   (You found it on level 5 of the Dungeon)

   [ring of stealth]

   It affects your strength (+2).
   It affects your intelligence (-2).
   It makes you more stealthy.
   It has a curse placed upon it.
Magical devices
 k - a wand of random effects (19)
Scrolls
 j - a scroll of fog
Potions
 b - a potion of invisibility {unknown}
 f - a potion of poison
Comestibles
 a - 2 meat rations
 i - a bread ration


   Skills:
 - Level 1.5 Fighting
 + Level 2.2 Maces & Flails
 - Level 3.6 Throwing
 - Level 5.2 Dodging
 - Level 0.4 Stealth


You had 5 spell levels left.
You didn't know any spells.

Dungeon Overview and Level Annotations

Branches:
Dungeon (7/15)
 Temple: D:4-7

Altars:

Shops:
D:5 :


Innate Abilities, Weirdness & Mutations

You are too large for most types of armour.
You have claws for hands.
Your metabolism is lightning-fast.
You like to eat raw meat.
You heal very quickly.
You are covered in fur (AC +1).
You have very tough skin (AC +2).


Message History

* * * LOW HITPOINT WARNING * * *
You open the door.
An ogre comes into view. It is wielding a giant spiked club.
The ogre shouts!
Something hits you.
* * * LOW HITPOINT WARNING * * *
Something hits you but does no damage. The magic dart hits you!
* * * LOW HITPOINT WARNING * * *
You open the door.
A hound comes into view.
The hound barks!
The hound barely misses you. The hound bites you but does no damage.
Read which item? (? for menu, Esc to quit)
As you read the scroll labeled ORETAKHLOETI, it crumbles to dust.
The scroll dissolves into smoke.
It was a scroll of fog.
You hear some strange, mumbled words.
The puff of flame misses you. The hound completely misses you.
Unknown command.
Are you sure you want to abandon this character and quit the game? (Confirm with "yes".)

..... #..##g..#..........
..... +..'.{..##'####...
......#.g#..o.......#####
#......#.g#...............
+......'o.#...........{...
#......#.§##.........g....
...O. #oO###+###....##...
.... #{h# #....##.o. ...
+§@+ +....##... . ##§#
#....##... §h§ ####+##...
..§.. .......#... +..h.#+
#......#o.. #....#
+......#... #....#
#......'... #....#
#......#... ...
#......#...


You could see an ogre, 2 hounds and an orc.

Vanquished Creatures
  Grinder (D:4)
  Sigmund (D:6)
  2 worker ants (D:4)
  A worker ant zombie (D:6)
  An ooze (D:1)
  5 orcs (D:4)
  2 giant cockroaches
  4 goblins
  A hobgoblin (D:5)
  4 jackals (D:4)
  2 kobolds (D:3)
  A quokka (D:2)
  2 giant geckos
  A giant spore (D:6)
28 creatures vanquished.

Vanquished Creatures (others)
  A centaur (D:6)
  A worker ant (D:6)
2 creatures vanquished.

Grand Total: 30 creatures vanquished

Notes
Turn   | Place    | Note
--------------------------------------------------------------
     0 | D:1      | timbw, the Troll Hunter, began the quest for the Orb.
     0 | D:1      | Reached XP level 1. HP: 19/19 MP: 1/1
   117 | D:2      | Reached XP level 2. HP: 19/27 MP: 1/1
   187 | D:4      | Reached XP level 3. HP: 20/33 MP: 2/2
   225 | D:4      | Noticed Grinder
   232 | D:4      | Paralysed by Grinder for 6 turns
   273 | D:4      | Paralysed by Grinder for 3 turns
   277 | D:4      | Killed Grinder
   277 | D:4      | Reached skill level 5 in Dodging
   277 | D:4      | Reached XP level 4. HP: 16/41 MP: 2/2
   277 | D:4      | Reached XP level 5. HP: 18/48 MP: 2/2
   321 | D:4      | Reached XP level 6. HP: 41/55 MP: 3/3
   387 | D:5      | Entered Level 5 of the Dungeon
   406 | D:5      | Got a twitching amber ring
   407 | D:5      | Found Grepp's Book Boutique.
   410 | D:5      | Identified the cursed ring of Arrival {Str+2 Int-2 Stlth+} (You found it on level 5 of the Dungeon)
   550 | D:6      | Noticed Sigmund
   552 | D:6      | Killed Sigmund
   552 | D:6      | Reached skill level 1 in Maces & Flails
   646 | D:7      | HP: 2/55 [something/puff of frost (7)]
   651 | D:7      | HP: 1/55 [something/magic dart (2)]
   654 | D:7      | Quit the game

Action                   |  1- 3 |  4- 6 || total
-------------------------+-------+-------++-------
Melee: Unarmed           |    55 |    59 ||   114
Throw: Large rock        |    16 |     7 ||    23
       Throwing net      |     3 |     1 ||     4
  Use: Potion            |     1 |     1 ||     2
       Scroll            |       |     2 ||     2
 Stab: Held in net/web   |     2 |       ||     2
  Eat: Chunk             |       |     2 ||     2
